2247 views
Uploaded 2022-04-26 00:30:52
Game version 1.32.10
36:24 long 3on3 ladder game on (6)UpperKingdom
Saved by Cabeelibob
2247 views
Uploaded 2022-04-26 00:30:52
Game version 1.32.10
36:24 long 3on3 ladder game on (6)UpperKingdom


165 units @ 18.7k
/ 2.1k
94 buildings @ 15.3k
/ 7.4k

| Peasant | 8 | 600 | / | 0 |
| Footman | 14 | 1890 | / | 0 |
| Rifleman | 16 | 3280 | / | 480 |
| total: | 38 | 5770g | / | 480w |
| Farm | 13 | 1040 | / | 260 |
| Altar of Kings | 1 | 180 | / | 50 |
| Barracks | 1 | 160 | / | 60 |
| Blacksmith | 1 | 140 | / | 60 |
| total: | 16 | 1520g | / | 430w |
| 0:14 | Farm |
| 0:19 | Peasant |
| 0:19 | Peasant |
| 0:20 | Peasant |
| 0:20 | Peasant |
| 0:21 | Peasant |
| 0:41 | Altar of Kings |
| 1:00 | Barracks |
| 2:06 | Footman |
| 2:08 | Footman |
| 2:11 | Footman |
| 2:41 | Footman |
| 3:03 | Blizzard |
| 3:27 | Blacksmith |
| 3:55 | Footman |
| 4:14 | Farm |
| 4:24 | Farm |
| 4:37 | Peasant |
| 4:37 | Peasant |
| 4:49 | Farm |
| 5:16 | Rifleman |
| 5:17 | Rifleman |
| 5:19 | Footman |
| 7:32 | Footman |
| 7:33 | Footman |
| 7:33 | Footman |
| 7:33 | Footman |
| 7:34 | Footman |
| 7:35 | Footman |
| 7:35 | Footman |
| 8:37 | Rifleman |
| 8:39 | Rifleman |
| 8:39 | Rifleman |
| 9:04 | Iron Forged Swords |
| 9:05 | Iron Plating |
| 9:23 | Black Gunpowder |
| 9:45 | Brilliance Aura |
| 9:57 | Footman |
| 10:09 | Farm |
| 10:20 | Farm |
| 10:28 | Farm |
| 10:37 | Farm |
| 14:31 | Farm |
| 14:41 | Farm |
| 16:10 | Rifleman |
| 16:10 | Rifleman |
| 16:10 | Rifleman |
| 16:11 | Rifleman |
| 16:12 | Rifleman |
| 16:12 | Rifleman |
| 16:13 | Rifleman |
| 16:29 | Peasant |
| 17:00 | Brilliance Aura |
| 17:43 | Rifleman |
| 17:58 | Farm |
| 20:13 | Rifleman |
| 20:14 | Rifleman |
| 20:14 | Rifleman |
| 20:33 | Farm |
| 20:41 | Farm |
| Right click | 123 |
| Select | 101 |
| Build/train/purchase | 45 |
| Use ability | 6 |


| Lesser Clarity Potion | 3 | 210 |
| Orb of Venom | 2 | 650 |
| Staff of Preservation | 1 | 150 |
| Potion of Healing | 6 | 900 |
| Potion of Mana | 2 | 400 |
| Anti-magic Potion | 1 | 100 |
| Moonstone | 1 | 50 |
| Scroll of Town Portal | 4 | 1400 |
| total: | 20 | 3860g |
| Wisp | 43 | 2580 | / | 0 |
| Archer | 8 | 1040 | / | 80 |
| Dryad | 2 | 290 | / | 120 |
| Hippogryph | 10 | 1600 | / | 200 |
| Mountain Giant | 3 | 1050 | / | 300 |
| total: | 66 | 6560g | / | 700w |
| Ancient Protector | 23 | 3105 | / | 1840 |
| Ancient of War | 1 | 150 | / | 60 |
| Moon Well | 9 | 1620 | / | 360 |
| Altar of Elders | 1 | 180 | / | 50 |
| Tree of Life | 7 | 2380 | / | 1295 |
| Ancient of Wonders | 2 | 180 | / | 60 |
| Hunter's Hall | 1 | 210 | / | 100 |
| Ancient of Lore | 3 | 465 | / | 435 |
| Ancient of Wind | 2 | 300 | / | 280 |
| Tree of Ages | 1 | 320 | / | 180 |
| Tree of Eternity | 1 | 330 | / | 200 |
| Scout Tower | 6 | 180 | / | 120 |
| Town Hall | 2 | 770 | / | 410 |
| total: | 57 | 9540g | / | 5010w |
| 0:03 | Wisp |
| 0:03 | Wisp |
| 0:15 | Ancient of War |
| 0:18 | Moon Well |
| 0:25 | Wisp |
| 0:29 | Wisp |
| 0:45 | Wisp |
| 0:45 | Wisp |
| 1:00 | Wisp |
| 1:00 | Wisp |
| 1:01 | Wisp |
| 1:17 | Archer |
| 1:26 | Wisp |
| 1:31 | Archer |
| 1:35 | Altar of Elders |
| 1:41 | Moon Well |
| 1:54 | Archer |
| 2:00 | Wisp |
| 2:14 | Wisp |
| 2:25 | Wisp |
| 2:25 | Wisp |
| 2:44 | Wisp |
| 3:00 | Drunken Haze |
| 3:05 | Tree of Life |
| 3:17 | Wisp |
| 3:18 | Wisp |
| 3:42 | Breath of Fire |
| 3:45 | Tree of Ages |
| 4:22 | Archer |
| 4:24 | Moon Well |
| 4:33 | Moon Well |
| 4:46 | Ancient of Wonders |
| 5:09 | Hunter's Hall |
| 5:18 | Archer |
| 5:19 | Wisp |
| 5:46 | Wisp |
| 5:48 | Wisp |
| 6:09 | Improved Bows |
| 6:10 | Wisp |
| 6:10 | Wisp |
| 6:13 | Wisp |
| 6:17 | Breath of Fire |
| 6:49 | Wisp |
| 6:49 | Wisp |
| 6:51 | Ancient of Lore |
| 6:53 | Ancient of Lore |
| 6:56 | Ancient of Lore |
| 6:59 | Wisp |
| 7:05 | Frost Arrows |
| 7:12 | Ultravision |
| 7:18 | Tree of Eternity |
| 7:31 | Wisp |
| 7:31 | Wisp |
| 7:35 | Moon Well |
| 7:36 | Moon Well |
| 8:13 | Wisp |
| 8:13 | Wisp |
| 8:14 | Nature's Blessing |
| 8:39 | Abolish Magic |
| 8:40 | Dryad |
| 8:43 | Ancient of Wind |
| 9:30 | Ancient of Wind |
| 9:41 | Dryad |
| 9:43 | Hardened Skin |
| 9:44 | Resistant Skin |
| 9:50 | Hippogryph |
| 9:56 | Lesser Clarity Potion |
| 9:57 | Orb of Venom |
| 10:01 | Staff of Preservation |
| 10:17 | Hippogryph |
| 10:50 | Breath of Fire |
| 10:50 | Drunken Haze |
| 11:01 | Hippogryph |
| 11:02 | Mountain Giant |
| 11:03 | Mountain Giant |
| 11:31 | Ancient of Wonders |
| 11:44 | Hippogryph |
| 12:50 | Archer |
| 12:53 | Marksmanship |
| 12:54 | Archer |
| 12:55 | Moon Well |
| 12:59 | Lesser Clarity Potion |
| 13:01 | Potion of Healing |
| 13:03 | Potion of Mana |
| 13:05 | Anti-magic Potion |
| 13:11 | Potion of Healing |
| 13:11 | Orb of Venom |
| 13:18 | Forked Lightning |
| 13:23 | Tree of Life |
| 13:27 | Hippogryph |
| 13:40 | Potion of Healing |
| 15:39 | Forked Lightning |
| 15:48 | Wisp |
| 15:49 | Wisp |
| 15:49 | Wisp |
| 16:21 | Well Spring |
| 16:26 | Wisp |
| 16:27 | Wisp |
| 18:18 | Lesser Clarity Potion |
| 18:20 | Potion of Mana |
| 18:25 | Potion of Healing |
| 18:27 | Moonstone |
| 18:35 | Potion of Healing |
| 19:04 | Tree of Life |
| 19:07 | Ancient Protector |
| 19:08 | Ancient Protector |
| 19:09 | Ancient Protector |
| 19:10 | Ancient Protector |
| 19:25 | Hippogryph |
| 19:40 | Wisp |
| 19:40 | Wisp |
| 19:40 | Wisp |
| 19:44 | Ancient Protector |
| 19:46 | Ancient Protector |
| 19:49 | Ancient Protector |
| 19:53 | Hippogryph |
| 20:12 | Potion of Healing |
| 20:21 | Mountain Giant |
| 20:23 | Hippogryph |
| 20:52 | Wisp |
| 20:53 | Wisp |
| 20:53 | Wisp |
| 21:27 | Hippogryph |
| 22:12 | Scroll of Town Portal |
| 23:26 | Town Hall |
| 24:09 | Mana Shield |
| 24:27 | Scroll of Town Portal |
| 24:32 | Hippogryph |
| 25:53 | Scout Tower |
| 25:54 | Scout Tower |
| 25:55 | Scout Tower |
| 26:06 | Archer |
| 26:21 | Scout Tower |
| 26:22 | Scout Tower |
| 26:24 | Scout Tower |
| 27:09 | Scroll of Town Portal |
| 27:48 | Tree of Life |
| 27:49 | Ancient Protector |
| 27:51 | Ancient Protector |
| 27:52 | Ancient Protector |
| 27:54 | Ancient Protector |
| 27:55 | Ancient Protector |
| 28:08 | Town Hall |
| 28:46 | Storm Earth and Fire |
| 29:39 | Tree of Life |
| 30:07 | Ancient Protector |
| 30:13 | Ancient Protector |
| 30:43 | Ancient Protector |
| 30:45 | Ancient Protector |
| 30:46 | Ancient Protector |
| 30:48 | Ancient Protector |
| 30:49 | Ancient Protector |
| 30:52 | Ancient Protector |
| 30:54 | Ancient Protector |
| 30:56 | Ancient Protector |
| 30:58 | Ancient Protector |
| 31:04 | Tree of Life |
| 31:29 | Backpack |
| 31:36 | Moon Well |
| 31:41 | Moon Well |
| 32:06 | Scroll of Town Portal |
| 33:20 | Blizzard |
| 33:34 | Wisp |
| 33:34 | Wisp |
| 34:57 | Tree of Life |
| Right click | 1952 |
| Select group | 958 |
| Select | 732 |
| Build/train/purchase | 159 |
| Chat | 139 |
| Misc. action | 108 |
| Use ability | 68 |
| Assign group | 47 |
| Minimap ping | 10 |
| Resource trade | 10 |
| Item give/drop | 8 |
| Remove unit | 4 |



| Orb of Venom | 2 | 650 |
| Potion of Healing | 5 | 750 |
| Staff of Preservation | 2 | 300 |
| Anti-magic Potion | 1 | 100 |
| Scroll of Town Portal | 4 | 1400 |
| Dust of Appearance | 1 | 75 |
| total: | 15 | 3275g |
| Wisp | 41 | 2460 | / | 0 |
| Archer | 10 | 1300 | / | 100 |
| Mountain Giant | 3 | 1050 | / | 300 |
| Glaive Thrower | 5 | 1050 | / | 325 |
| Druid of the Claw | 2 | 510 | / | 160 |
| total: | 61 | 6370g | / | 885w |
| Ancient Protector | 5 | 675 | / | 400 |
| Altar of Elders | 1 | 180 | / | 50 |
| Moon Well | 6 | 1080 | / | 240 |
| Ancient of War | 1 | 150 | / | 60 |
| Ancient of Wonders | 1 | 90 | / | 30 |
| Hunter's Hall | 1 | 210 | / | 100 |
| Tree of Life | 5 | 1700 | / | 925 |
| Ancient of Lore | 1 | 155 | / | 145 |
| Tree of Ages | 4 | 1280 | / | 720 |
| Tree of Eternity | 1 | 330 | / | 200 |
| total: | 21 | 4240g | / | 1950w |
| 0:02 | Wisp |
| 0:04 | Altar of Elders |
| 0:06 | Wisp |
| 0:11 | Wisp |
| 0:18 | Moon Well |
| 0:24 | Wisp |
| 0:28 | Wisp |
| 0:32 | Ancient of War |
| 0:35 | Wisp |
| 0:44 | Wisp |
| 1:07 | Wisp |
| 1:15 | Wisp |
| 1:24 | Moon Well |
| 1:32 | Archer |
| 1:38 | Wisp |
| 1:45 | Ancient of Wonders |
| 1:58 | Archer |
| 2:06 | Force of Nature |
| 2:15 | Archer |
| 2:38 | Wisp |
| 2:40 | Moon Well |
| 2:53 | Archer |
| 3:01 | Entangling Roots |
| 3:06 | Wisp |
| 3:23 | Tree of Ages |
| 4:01 | Hunter's Hall |
| 4:06 | Archer |
| 4:36 | Tree of Life |
| 5:09 | Force of Nature |
| 5:50 | Ancient of Lore |
| 5:54 | Strength of the Moon |
| 6:12 | Wisp |
| 6:17 | Moon Well |
| 6:25 | Improved Bows |
| 6:45 | Trueshot Aura |
| 7:02 | Wisp |
| 7:02 | Wisp |
| 7:13 | Mountain Giant |
| 7:24 | Glaive Thrower |
| 7:32 | Wisp |
| 8:34 | Mountain Giant |
| 8:36 | Glaive Thrower |
| 8:39 | Tree of Eternity |
| 8:41 | Wisp |
| 8:51 | Vorpal Blades |
| 9:28 | Mountain Giant |
| 9:31 | Moon Well |
| 9:53 | Scroll of Town Portal |
| 9:56 | Wisp |
| 10:10 | Reinforced Hides |
| 10:46 | Entangling Roots |
| 10:55 | Druid of the Claw |
| 10:56 | Druid of the Claw Adept Training |
| 10:58 | Searing Arrows |
| 11:00 | Hardened Skin |
| 11:05 | Archer |
| 11:47 | Moon Well |
| 11:50 | Archer |
| 12:14 | Improved Strength of the Moon |
| 12:42 | Orb of Venom |
| 12:43 | Potion of Healing |
| 12:44 | Potion of Healing |
| 12:44 | Staff of Preservation |
| 12:45 | Potion of Healing |
| 12:46 | Scroll of Town Portal |
| 12:55 | Resistant Skin |
| 13:27 | Wisp |
| 13:28 | Wisp |
| 13:43 | Dust of Appearance |
| 14:06 | Marksmanship |
| 14:45 | Glaive Thrower |
| 15:19 | Wisp |
| 15:19 | Wisp |
| 15:24 | Searing Arrows |
| 15:51 | Acid Bomb |
| 16:06 | Glaive Thrower |
| 16:12 | Tree of Life |
| 16:31 | Entangling Roots |
| 16:41 | Tree of Life |
| 16:44 | Glaive Thrower |
| 16:52 | Wisp |
| 16:52 | Wisp |
| 16:52 | Wisp |
| 17:11 | Druid of the Claw |
| 18:06 | Wisp |
| 18:06 | Wisp |
| 18:07 | Wisp |
| 18:14 | Scroll of Town Portal |
| 18:14 | Scroll of Town Portal |
| 18:18 | Well Spring |
| 18:21 | Wisp |
| 18:35 | Ancient Protector |
| 18:42 | Wisp |
| 18:44 | Wisp |
| 18:45 | Wisp |
| 18:45 | Wisp |
| 18:47 | Wisp |
| 18:47 | Wisp |
| 18:47 | Wisp |
| 19:12 | Orb of Venom |
| 19:13 | Potion of Healing |
| 19:14 | Staff of Preservation |
| 19:14 | Potion of Healing |
| 19:16 | Anti-magic Potion |
| 19:36 | Ancient Protector |
| 19:38 | Ancient Protector |
| 19:40 | Wisp |
| 19:41 | Wisp |
| 20:15 | Advanced Strength of the Moon |
| 20:16 | Improved Reinforced Hides |
| 20:18 | Wisp |
| 20:59 | Tree of Life |
| 21:18 | Tree of Life |
| 22:50 | Tree of Ages |
| 22:55 | Ancient Protector |
| 22:58 | Ancient Protector |
| 24:37 | Wisp |
| 24:37 | Wisp |
| 24:47 | Archer |
| 24:47 | Archer |
| 24:48 | Archer |
| 25:48 | Tree of Ages |
| Right click | 1072 |
| Select group | 1031 |
| Select | 870 |
| Misc. action | 426 |
| Build/train/purchase | 158 |
| Use ability | 48 |
| Assign group | 36 |
| Item give/drop | 7 |
| Minimap ping | 2 |
114 units @ 10.4k
/ 1.2k
173 buildings @ 11.8k
/ 5.6k


| Lesser Clarity Potion | 1 | 70 |
| Orb of Fire | 1 | 325 |
| Healing Salve | 1 | 100 |
| Orb of Lightning | 1 | 375 |
| total: | 4 | 870g |
| Peasant | 23 | 1725 | / | 0 |
| Mortar Team | 2 | 360 | / | 140 |
| Flying Machine | 26 | 2600 | / | 780 |
| Dragonhawk Rider | 2 | 400 | / | 60 |
| total: | 53 | 5085g | / | 980w |
| Scout Tower | 55 | 1650 | / | 1100 |
| Arcane Tower | 9 | 630 | / | 450 |
| Guard Tower | 14 | 980 | / | 700 |
| Altar of Kings | 1 | 180 | / | 50 |
| Farm | 18 | 1440 | / | 360 |
| Lumber Mill | 2 | 240 | / | 0 |
| Town Hall | 1 | 385 | / | 205 |
| Blacksmith | 1 | 140 | / | 60 |
| Arcane Vault | 1 | 130 | / | 30 |
| Cannon Tower | 5 | 600 | / | 500 |
| Workshop | 3 | 420 | / | 420 |
| Gryphon Aviary | 1 | 140 | / | 150 |
| Keep | 1 | 320 | / | 210 |
| Castle | 1 | 360 | / | 210 |
| total: | 83 | 4725g | / | 2375w |
| 0:06 | Peasant |
| 0:15 | Peasant |
| 0:23 | Altar of Kings |
| 0:28 | Peasant |
| 0:36 | Farm |
| 0:52 | Lumber Mill |
| 0:53 | Peasant |
| 0:58 | Peasant |
| 1:04 | Peasant |
| 1:06 | Farm |
| 1:09 | Scout Tower |
| 1:11 | Peasant |
| 1:34 | Peasant |
| 1:40 | Peasant |
| 1:58 | Arcane Tower |
| 2:00 | Peasant |
| 2:03 | Farm |
| 2:11 | Peasant |
| 2:29 | Peasant |
| 2:32 | Improved Lumber Harvesting |
| 2:33 | Improved Masonry |
| 2:35 | Scout Tower |
| 2:52 | Peasant |
| 3:08 | Storm Bolt |
| 3:28 | Peasant |
| 3:31 | Guard Tower |
| 3:33 | Scout Tower |
| 3:35 | Peasant |
| 3:35 | Peasant |
| 3:47 | Town Hall |
| 3:56 | Scout Tower |
| 4:02 | Scout Tower |
| 4:06 | Scout Tower |
| 4:14 | Guard Tower |
| 4:14 | Peasant |
| 4:32 | Peasant |
| 4:43 | Guard Tower |
| 4:46 | Scout Tower |
| 4:47 | Scout Tower |
| 4:48 | Scout Tower |
| 4:49 | Scout Tower |
| 5:20 | Peasant |
| 5:20 | Peasant |
| 5:22 | Scout Tower |
| 5:23 | Scout Tower |
| 5:26 | Bash |
| 5:27 | Bash |
| 5:33 | Peasant |
| 5:34 | Peasant |
| 5:43 | Guard Tower |
| 6:10 | Guard Tower |
| 6:12 | Keep |
| 6:15 | Blacksmith |
| 6:20 | Guard Tower |
| 6:21 | Scout Tower |
| 6:22 | Scout Tower |
| 6:22 | Scout Tower |
| 6:25 | Peasant |
| 6:31 | Guard Tower |
| 6:32 | Scout Tower |
| 6:33 | Scout Tower |
| 6:34 | Scout Tower |
| 6:34 | Scout Tower |
| 6:35 | Scout Tower |
| 6:49 | Guard Tower |
| 7:02 | Guard Tower |
| 7:18 | Healing Salve |
| 7:19 | Lesser Clarity Potion |
| 7:30 | Guard Tower |
| 7:33 | Guard Tower |
| 7:38 | Scout Tower |
| 7:38 | Scout Tower |
| 7:39 | Scout Tower |
| 7:41 | Scout Tower |
| 7:41 | Scout Tower |
| 7:42 | Scout Tower |
| 7:42 | Scout Tower |
| 7:44 | Scout Tower |
| 7:47 | Black Gunpowder |
| 7:53 | Guard Tower |
| 7:57 | Studded Leather Armor |
| 7:58 | Iron Plating |
| 8:36 | Castle |
| 8:39 | Guard Tower |
| 8:40 | Advanced Lumber Harvesting |
| 8:40 | Advanced Masonry |
| 9:28 | Workshop |
| 9:29 | Workshop |
| 9:30 | Workshop |
| 9:41 | Holy Light |
| 9:44 | Refined Gunpowder |
| 9:49 | Guard Tower |
| 10:32 | Mortar Team |
| 10:36 | Farm |
| 10:36 | Farm |
| 10:37 | Farm |
| 10:37 | Farm |
| 10:39 | Farm |
| 10:39 | Farm |
| 10:41 | Flak Cannons |
| 10:42 | Flare |
| 11:48 | Fragmentation Shards |
| 11:48 | Flying Machine Bombs |
| 11:49 | Mortar Team |
| 11:59 | Scout Tower |
| 12:00 | Scout Tower |
| 12:01 | Scout Tower |
| 12:01 | Scout Tower |
| 12:20 | Imbued Gunpowder |
| 12:21 | Steel Plating |
| 12:24 | Farm |
| 12:25 | Farm |
| 12:37 | Arcane Tower |
| 12:38 | Arcane Tower |
| 12:45 | Imbued Masonry |
| 13:07 | Flying Machine |
| 13:07 | Flying Machine |
| 13:07 | Flying Machine |
| 13:07 | Flying Machine |
| 13:08 | Flying Machine |
| 13:08 | Flying Machine |
| 13:08 | Flying Machine |
| 13:21 | Arcane Tower |
| 13:23 | Scout Tower |
| 13:23 | Scout Tower |
| 13:24 | Scout Tower |
| 13:25 | Scout Tower |
| 13:51 | Farm |
| 13:51 | Farm |
| 14:05 | Gryphon Aviary |
| 14:08 | Arcane Tower |
| 14:10 | Scout Tower |
| 14:26 | Flying Machine |
| 14:26 | Flying Machine |
| 14:27 | Flying Machine |
| 14:27 | Flying Machine |
| 14:58 | Arcane Tower |
| 15:04 | Arcane Vault |
| 15:48 | Flying Machine |
| 15:48 | Flying Machine |
| 15:48 | Flying Machine |
| 15:53 | Mithril Plating |
| 16:28 | Cannon Tower |
| 16:32 | Scout Tower |
| 16:34 | Scout Tower |
| 16:34 | Scout Tower |
| 16:35 | Scout Tower |
| 16:35 | Scout Tower |
| 16:36 | Scout Tower |
| 16:38 | Scout Tower |
| 17:14 | Scout Tower |
| 17:14 | Scout Tower |
| 17:15 | Scout Tower |
| 18:05 | Cannon Tower |
| 18:07 | Cannon Tower |
| 18:10 | Arcane Tower |
| 20:01 | Storm Bolt |
| 20:01 | Storm Bolt |
| 20:02 | Divine Shield |
| 20:10 | Cannon Tower |
| 20:30 | Farm |
| 20:30 | Farm |
| 20:31 | Farm |
| 20:37 | Farm |
| 20:38 | Farm |
| 21:41 | Orb of Lightning |
| 21:46 | Orb of Fire |
| 22:22 | Scout Tower |
| 22:23 | Scout Tower |
| 22:23 | Scout Tower |
| 22:24 | Scout Tower |
| 22:25 | Scout Tower |
| 22:26 | Scout Tower |
| 22:26 | Scout Tower |
| 22:27 | Scout Tower |
| 23:28 | Arcane Tower |
| 23:30 | Cannon Tower |
| 24:11 | Flying Machine |
| 24:11 | Flying Machine |
| 24:11 | Flying Machine |
| 24:11 | Flying Machine |
| 25:12 | Cloud |
| 25:12 | Dragonhawk Rider |
| 25:12 | Dragonhawk Rider |
| 25:20 | Lumber Mill |
| 25:21 | Arcane Tower |
| 27:01 | Holy Light |
| 27:02 | Divine Shield |
| 29:30 | Flying Machine |
| 29:30 | Flying Machine |
| 29:30 | Flying Machine |
| 29:30 | Flying Machine |
| 29:30 | Flying Machine |
| 29:30 | Flying Machine |
| 29:31 | Flying Machine |
| 29:50 | Reinforced Leather Armor |
| 29:51 | Flying Machine |
| 32:41 | Bash |
| 32:41 | Bash |
| Right click | 1427 |
| Select group | 603 |
| Select | 399 |
| Build/train/purchase | 140 |
| Use ability | 89 |
| Misc. action | 56 |
| Minimap ping | 25 |
| Assign group | 9 |
| Esc | 7 |
| Remove unit | 2 |
| Item give/drop | 1 |
Cabeelibob
(194)
(35:35) : 
| Healing Salve | 2 | 200 |
| Lesser Clarity Potion | 8 | 560 |
| Orb of Lightning | 1 | 375 |
| Tiny Great Hall | 3 | 1800 |
| total: | 14 | 2935g |
| Peon | 38 | 2850 | / | 0 |
| Troll Witch Doctor | 4 | 580 | / | 100 |
| Kodo Beast | 2 | 510 | / | 120 |
| Troll Batrider | 1 | 160 | / | 40 |
| total: | 45 | 4100g | / | 260w |
| Watch Tower | 2 | 220 | / | 160 |
| Altar of Storms | 1 | 180 | / | 50 |
| Orc Burrow | 5 | 800 | / | 200 |
| Voodoo Lounge | 3 | 390 | / | 90 |
| War Mill | 1 | 205 | / | 0 |
| Great Hall | 2 | 770 | / | 370 |
| Spirit Lodge | 1 | 150 | / | 150 |
| Beastiary | 1 | 145 | / | 140 |
| Stronghold | 1 | 315 | / | 190 |
| Fortress | 1 | 325 | / | 190 |
| total: | 16 | 2860g | / | 1160w |
| 0:08 | Altar of Storms |
| 0:12 | Orc Burrow |
| 0:12 | Peon |
| 0:13 | Peon |
| 0:21 | Peon |
| 0:32 | Peon |
| 0:42 | Peon |
| 1:03 | Voodoo Lounge |
| 1:09 | Peon |
| 1:23 | War Mill |
| 1:26 | Voodoo Lounge |
| 1:39 | Orc Burrow |
| 1:56 | Peon |
| 2:11 | Peon |
| 2:13 | Wind Walk |
| 2:50 | Watch Tower |
| 2:54 | Peon |
| 2:54 | Peon |
| 3:08 | Spiked Barricades |
| 3:37 | Great Hall |
| 3:48 | Peon |
| 3:48 | Peon |
| 3:52 | Watch Tower |
| 4:06 | Healing Salve |
| 4:10 | Lesser Clarity Potion |
| 4:17 | Lesser Clarity Potion |
| 5:17 | Critical Strike |
| 6:00 | Peon |
| 6:00 | Peon |
| 6:57 | Peon |
| 6:57 | Peon |
| 7:01 | Stronghold |
| 7:08 | Orc Burrow |
| 7:11 | Orc Burrow |
| 7:33 | Lesser Clarity Potion |
| 7:33 | Healing Salve |
| 8:42 | Voodoo Lounge |
| 9:27 | Fortress |
| 10:00 | Spirit Lodge |
| 10:08 | Beastiary |
| 11:38 | Mirror Image |
| 12:03 | War Drums Damage Increase |
| 12:04 | Witch Doctor Adept Training |
| 12:37 | Orb of Lightning |
| 14:03 | Witch Doctor Master Training |
| 14:03 | Troll Witch Doctor |
| 14:04 | Troll Witch Doctor |
| 14:04 | Troll Witch Doctor |
| 14:04 | Troll Witch Doctor |
| 14:06 | Liquid Fire |
| 14:30 | Lesser Clarity Potion |
| 15:56 | Kodo Beast |
| 15:58 | Kodo Beast |
| 15:58 | Troll Batrider |
| 18:49 | Great Hall |
| 19:57 | Tiny Great Hall |
| 20:17 | Lesser Clarity Potion |
| 21:44 | Peon |
| 21:44 | Peon |
| 21:44 | Peon |
| 21:44 | Peon |
| 21:44 | Peon |
| 21:48 | Critical Strike |
| 22:28 | Peon |
| 22:28 | Peon |
| 22:28 | Peon |
| 22:28 | Peon |
| 22:39 | Lesser Clarity Potion |
| 24:59 | Critical Strike |
| 25:44 | Lesser Clarity Potion |
| 25:51 | Tiny Great Hall |
| 28:22 | Peon |
| 28:22 | Peon |
| 28:22 | Peon |
| 28:22 | Peon |
| 28:22 | Peon |
| 28:36 | Peon |
| 28:55 | Reinforced Defenses |
| 29:33 | Lesser Clarity Potion |
| 30:59 | Peon |
| 30:59 | Peon |
| 31:46 | Ensnare |
| 32:59 | Tiny Great Hall |
| 35:21 | Peon |
| 35:21 | Peon |
| 35:21 | Peon |
| 35:22 | Peon |
| 35:22 | Peon |
| 35:28 | Orc Burrow |
| Right click | 1426 |
| Select | 234 |
| Select group | 186 |
| Misc. action | 120 |
| Build/train/purchase | 119 |
| Resource trade | 73 |
| Use ability | 24 |
| Chat | 21 |
| Minimap ping | 12 |
| Remove unit | 8 |
| Assign group | 3 |
| Item give/drop | 2 |
| Esc | 1 |
Jgraham2
(30)
(35:35) : 

| Peasant | 16 | 1200 | / | 0 |
| total: | 16 | 1200g | / | 0w |
| Scout Tower | 59 | 1770 | / | 1180 |
| Arcane Tower | 4 | 280 | / | 200 |
| Guard Tower | 24 | 1680 | / | 1200 |
| Farm | 8 | 640 | / | 160 |
| Altar of Kings | 2 | 360 | / | 100 |
| Lumber Mill | 2 | 240 | / | 0 |
| Town Hall | 3 | 1155 | / | 615 |
| Keep | 1 | 320 | / | 210 |
| Castle | 1 | 360 | / | 210 |
| total: | 74 | 4165g | / | 2055w |
| 0:06 | Farm |
| 0:07 | Peasant |
| 0:07 | Peasant |
| 0:07 | Peasant |
| 0:08 | Peasant |
| 0:08 | Peasant |
| 0:14 | Altar of Kings |
| 0:26 | Farm |
| 0:27 | Farm |
| 0:28 | Farm |
| 0:44 | Peasant |
| 0:55 | Scout Tower |
| 1:00 | Lumber Mill |
| 1:20 | Peasant |
| 1:21 | Peasant |
| 1:32 | Arcane Tower |
| 1:48 | Farm |
| 2:45 | Storm Bolt |
| 2:56 | Peasant |
| 2:56 | Peasant |
| 2:56 | Peasant |
| 2:56 | Peasant |
| 2:57 | Peasant |
| 2:58 | Improved Lumber Harvesting |
| 3:29 | Scout Tower |
| 3:29 | Scout Tower |
| 3:47 | Scout Tower |
| 3:47 | Scout Tower |
| 3:48 | Scout Tower |
| 3:49 | Scout Tower |
| 3:50 | Scout Tower |
| 3:51 | Scout Tower |
| 3:56 | Scout Tower |
| 3:56 | Scout Tower |
| 3:57 | Scout Tower |
| 3:58 | Scout Tower |
| 3:58 | Scout Tower |
| 3:59 | Scout Tower |
| 4:08 | Peasant |
| 4:11 | Guard Tower |
| 4:24 | Guard Tower |
| 4:27 | Scout Tower |
| 4:32 | Scout Tower |
| 4:38 | Guard Tower |
| 4:46 | Peasant |
| 4:52 | Guard Tower |
| 5:02 | Keep |
| 5:06 | Guard Tower |
| 5:11 | Guard Tower |
| 5:14 | Scout Tower |
| 5:15 | Scout Tower |
| 5:16 | Scout Tower |
| 5:32 | Guard Tower |
| 5:37 | Scout Tower |
| 5:38 | Scout Tower |
| 5:40 | Scout Tower |
| 5:40 | Scout Tower |
| 5:42 | Scout Tower |
| 5:43 | Scout Tower |
| 6:12 | Guard Tower |
| 6:14 | Guard Tower |
| 6:23 | Scout Tower |
| 6:24 | Scout Tower |
| 6:24 | Scout Tower |
| 6:25 | Scout Tower |
| 6:29 | Improved Masonry |
| 6:42 | Guard Tower |
| 6:45 | Guard Tower |
| 6:54 | Guard Tower |
| 7:17 | Altar of Kings |
| 7:49 | Advanced Lumber Harvesting |
| 8:11 | Guard Tower |
| 8:34 | Advanced Masonry |
| 8:44 | Scout Tower |
| 8:44 | Scout Tower |
| 8:45 | Scout Tower |
| 8:48 | Scout Tower |
| 8:49 | Scout Tower |
| 8:50 | Scout Tower |
| 9:01 | Guard Tower |
| 9:29 | Holy Light |
| 9:41 | Scout Tower |
| 9:42 | Scout Tower |
| 9:43 | Scout Tower |
| 9:44 | Scout Tower |
| 9:44 | Scout Tower |
| 9:59 | Guard Tower |
| 10:17 | Guard Tower |
| 10:24 | Castle |
| 10:34 | Guard Tower |
| 10:44 | Scout Tower |
| 10:45 | Scout Tower |
| 10:45 | Scout Tower |
| 10:46 | Scout Tower |
| 10:47 | Scout Tower |
| 11:17 | Guard Tower |
| 12:02 | Arcane Tower |
| 12:09 | Scout Tower |
| 12:10 | Scout Tower |
| 12:10 | Scout Tower |
| 12:19 | Town Hall |
| 13:09 | Guard Tower |
| 13:42 | Peasant |
| 13:43 | Imbued Masonry |
| 13:54 | Scout Tower |
| 14:22 | Scout Tower |
| 14:23 | Scout Tower |
| 14:24 | Scout Tower |
| 14:53 | Scout Tower |
| 14:54 | Scout Tower |
| 14:54 | Scout Tower |
| 15:25 | Scout Tower |
| 15:27 | Scout Tower |
| 15:28 | Scout Tower |
| 15:31 | Guard Tower |
| 15:34 | Guard Tower |
| 15:55 | Guard Tower |
| 15:59 | Guard Tower |
| 16:14 | Farm |
| 16:14 | Farm |
| 16:15 | Farm |
| 16:24 | Arcane Tower |
| 16:46 | Lumber Mill |
| 24:14 | Arcane Tower |
| 29:37 | Guard Tower |
| 30:41 | Town Hall |
| 35:16 | Town Hall |
| Right click | 1363 |
| Select group | 1144 |
| Select | 318 |
| Build/train/purchase | 62 |
| Minimap ping | 36 |
| Resource trade | 32 |
| Assign group | 14 |
| Chat | 12 |
| Use ability | 7 |
⇛